Map: King's Cove LE

Players

GOReynor (Reynor) - Winner!

  • Race: Zerg Zerg
  • League: Master
  • Spawn Location: 5:00

Lambo

  • Race: Zerg Zerg
  • League: Master
  • Spawn Location: 11:00

Event: QLASH StarCraft II Invitational 2 Offline Finals

VOD

Have the link to the VOD?

Description

Time

  • Played on: July 27, 2019, 3 p.m.
  • Length: 4:46

All games in this series

Show
View Real Time Build Order
Export as new Build Order

GOReynor Zerg - Winner!

Build Orders: Hatch First 

Get SALT Encoding   

  12  0:00  Drone  
  13  0:12  Overlord  
  13  0:17  Drone  
  14  0:30  Drone x2  
  16  0:49  Hatchery  
  15  0:52  Drone  
  15  0:55  Drone  
  17  0:59  Drone  
  18  1:08  Extractor  
  17  1:14  Spawning Pool  
  17  1:17  Drone  
  17  1:21  Drone  
  18  1:28  Drone  
  19  1:38  Drone  
  20  1:49  Overlord  
  20  2:00  Drone  
  20  2:01  Drone, Queen x2  
  26  2:11  Metabolic Boost  
  26  2:12  Drone  
  26  2:13  Drone  
  28  2:23  Drone x2  
  30  2:33  Zergling x4  
  32  2:41  Hatchery  
  31  2:48  Baneling Nest  
  30  2:53  Drone  
  30  2:54  Evolution Chamber  
  30  2:55  Drone x2  
  32  3:01  Overlord  
  32  3:06  Drone  
  33  3:14  Drone x2  
  35  3:21  Zergling x6  
  35  3:26  Zergling x4  
  40  3:28  Zergling x2  
  40  3:33  Baneling  
  41  3:35  Overlord  
  41  3:38  Zergling x2  
  42  3:41  Zergling x4  
  44  3:48  Overlord  
  44  3:52  Overlord  
  44  3:53  Zergling x4  
  46  4:01  Zergling x8  
  50  4:04  Baneling x3  
  50  4:07  Zergling x4  
  51  4:18  Zergling x6  
  51  4:19  Zergling x6  
  51  4:24  Overlord  
  57  4:27  Zergling x4  
Show
View Real Time Build Order
Export as new Build Order

Lambo Zerg 

Build Orders: Hatch First 

Get SALT Encoding   

  12  0:01  Drone  
  13  0:12  Overlord  
  13  0:20  Drone  
  14  0:30  Drone x2  
  16  0:49  Hatchery  
  15  0:52  Drone  
  15  0:56  Drone  
  17  0:59  Drone  
  18  1:10  Extractor  
  17  1:15  Spawning Pool  
  16  1:19  Drone  
  16  1:23  Drone  
  18  1:28  Drone  
  19  1:40  Drone  
  20  1:50  Drone  
  21  2:01  Queen  
  21  2:02  Queen  
  21  2:03  Drone  
  21  2:04  Overlord  
  26  2:10  Metabolic Boost  
  26  2:12  Zergling x2  
  26  2:14  Drone  
  28  2:23  Drone x2  
  30  2:35  Drone x2  
  32  2:42  Hatchery  
  31  2:44  Drone  
  31  2:50  Drone  
  33  2:55  Baneling Nest  
  32  2:58  Overlord  
  32  3:00  Zergling x2  
  32  3:05  Drone  
  34  3:09  Drone  
  35  3:15  Zergling x2  
  36  3:20  Drone x6  
  36  3:22  Evolution Chamber  
  41  3:27  Overlord  
  41  3:31  Queen  
  41  3:34  Drone  
  44  3:45  Zergling x2  
  44  3:46  Zergling x2  
  44  3:47  Drone x5  
  51  3:53  Drone  
  52  3:56  Drone  
  52  3:59  Drone  
  54  4:05  Drone x2  
  54  4:09  Zergling x2  
  57  4:11  Baneling x3  
  57  4:16  Zergling x4  
  58  4:17  Overlord  
  58  4:21  Roach Warren  
  58  4:22  Zergling x4  
  57  4:24  Overlord  
  57  4:26  Zergling x2  
  57  4:28  Zergling x2  
  55  4:32  Extractor x2  
Tags
 
Add a new tag
Caveats
  • Supply blocks, unpowered buildings, or Contaminate may cause inaccurate times.
  • Supply counts are checked every 10 seconds.